 Dungeon Crawl Stone Soup version 0.18-a0-19-g8b99b3a (webtiles) character file.

210 Nopony the Magician (level 5, 0/28 HPs)
             Began as a Deep Elf Wizard on Nov 1, 2015.
             Was an Initiate of Gozag.
             Slain by an orc priest
             ... wielding a +0 dagger
              (4 damage)
             ... on level 4 of the Dungeon.
             The game lasted 00:38:53 (4763 turns).

Nopony the Magician (Deep Elf Wizard)               Turns: 4763, Time: 00:38:53

Health: 0/28       AC:  7    Str:  4    XL:     5   Next: 57%
Magic:  1/16       EV: 13    Int: 27    God:    Gozag
Gold:   99         SH:  0    Dex: 13    Spells: 6 memorised, 4 levels left

rFire  + . .     SeeInvis .     (no weapon)
rCold  + . .     Clarity  .     a - +1 robe
rNeg   . . .     SustAt   .     (no shield)
rPois  +         Gourm    .     v - +1 helmet
rElec  +         Spirit   .     (no cloak)
rCorr  +         Warding  .     k - +0 pair of gloves
rMut   .         Stasis   .     t - +0 pair of boots
MR     .....                    (no amulet)
Stlth  ++........               (no ring)
                                y - +3 ring of intelligence

@: resistant, not resistant to hostile enchantments, unstealthy
A: no striking features
a: Potion Petition, Call Merchant, Bribe Branch, Renounce Religion


You were on level 4 of the Dungeon.
You worshipped Gozag.
Gozag was noncommittal.
You were not hungry.

You visited 1 branch of the dungeon, and saw 4 of its levels.

You collected 144 gold pieces.
You paid 45 gold pieces to Gozag.

Inventory:

Hand Weapons
 f - a +0 hand axe
 r - a cursed -2 trident
 w - a +0 rapier
Missiles
 e - 53 stones (quivered)
 g - 8 arrows
 l - 45 sling bullets
 m - 33 poisoned needles
Armour
 a - a +1 robe (worn)
 b - a +0 hat
 j - a +0 ring mail
 k - a +0 pair of gloves (worn)
 p - a +0 shield
 s - a +0 scale mail
 t - a +0 pair of boots (worn)
 v - a +1 helmet (worn)
 x - a +0 pair of gloves
 D - a +0 pair of boots
 E - a +0 ring mail
Jewellery
 y - a +3 ring of intelligence (left hand)
Scrolls
 h - 4 scrolls of identify
 n - a scroll of remove curse
 B - a scroll of enchant weapon
Potions
 i - a potion of magic {unknown}
 o - 3 potions of curing
 q - a potion of resistance
 A - a potion of ambrosia {unknown}
Books
 c - a book of Minor Magic

   Spells                             Type                      Level
   a - Magic Dart                     Conjuration                  1
   b - Blink                          Translocation                2
   c - Call Imp                       Summoning                    2
   d - Repel Missiles                 Charms/Air                   2
   e - Slow                           Hexes                        2
   f - Conjure Flame                  Conjuration/Fire             3
   g - Mephitic Cloud                 Conjuration/Poison/Air       3
Comestibles
 d - 2 bread rations


   Skills:
 + Level 2.8 Dodging
 + Level 2.8 Stealth
 * Level 6.6 Spellcasting
 * Level 2.6 Conjurations
 * Level 1.8 Hexes
 * Level 2.3 Summonings
 + Level 1.1 Translocations
 + Level 0.2 Air Magic
 + Level 0.2 Poison Magic


You had 4 spell levels left.
You knew the following spells:

 Your Spells              Type           Power        Failure   Level  Hunger
a - Magic Dart            Conj           ###.         1%          1    None
b - Blink                 Tloc           N/A          8%          2    None
c - Call Imp              Summ           ###.....     3%          2    None
d - Slow                  Hex            ###.....     4%          2    None
e - Conjure Flame         Conj/Fire      ###.....     12%         3    None
f - Mephitic Cloud        Conj/Pois/Air  ##......     14%         3    None


Dungeon Overview and Level Annotations

Branches:
Dungeon (4/15)
 Temple: D:4-7

Altars:
Ashenzari
Gozag
Trog
Zin


Message History

Your crimson imp disappears in a puff of smoke!
Casting: Blink
Confirm with . or Enter, or press ? or * to list all spells.
You blink.
The orc priest misses you.
Your crimson imp hits the worker ant but does no damage.
Your crimson imp hits the worker ant but does no damage.
The worker ant bites your crimson imp.
Your crimson imp hits the worker ant but does no damage.
The worker ant bites something.
The orc priest hits you but does no damage.
The worker ant seems less confused.
Your crimson imp hits the worker ant but does no damage.
Your crimson imp hits the worker ant but does no damage.
Casting: Blink
Confirm with . or Enter, or press ? or * to list all spells.
Okay, then.
It was a potion of poison.
You feel slightly nauseous. The orc priest hits you with a dagger.
You die...
Your body crumbles into a pile of gold.

.... #...# ....
#.o.######### ####
#........... #.........#
#......>..# #..5a.....#
#.##......#
#ยง.##..o..#...... #
#####...##.@..#.....#
#.#...o....##...#....# .
#.#.##5.....##..#...# .. #
#.<..........##.#..# ... #
###.####......######o... #
####...........#...#ooo..
###........#######._.######
..'..............'...#.....
###.............######.....


You could see a worker ant, 2 orc priests and a friendly crimson imp.

Vanquished Creatures
  2 worker ants (D:4)
  Robin (D:2)
  5 adders
  3 giant geckos
  An orc (D:4)
  9 bats
  A giant cockroach (D:1)
  9 goblins
  10 hobgoblins
  9 jackals
  A ball python (D:4)
  4 giant newts
  12 kobolds
  A quokka (D:2)
  2 rats
  A fungus (D:1)
71 creatures vanquished.

Vanquished Creatures (collateral kills)
  A centaur skeleton (D:4)
  A worker ant (D:3)
  A river rat (D:3)
  A giant cockroach (D:2)
  5 goblins (D:2)
  A jackal (D:2)
  A ball python (D:3)
  A kobold (D:2)
  4 rats (D:3)
16 creatures vanquished.

Grand Total: 87 creatures vanquished

Notes
Turn   | Place    | Note
--------------------------------------------------------------
     0 | D:1      | Nopony the Deep Elf Wizard began the quest for the Orb.
     0 | D:1      | Reached XP level 1. HP: 10/10 MP: 7/7
   511 | D:1      | Reached XP level 2. HP: 12/15 MP: 2/9
   595 | D:1      | Reached skill level 5 in Spellcasting
  1200 | D:1      | Reached XP level 3. HP: 19/19 MP: 9/12
  1209 | D:1      | Learned a level 2 spell: Blink
  1212 | D:1      | Learned a level 2 spell: Call Imp
  1215 | D:1      | Learned a level 2 spell: Slow
  1219 | D:1      | Learned a level 3 spell: Conjure Flame
  1223 | D:1      | Learned a level 3 spell: Mephitic Cloud
  2069 | D:2      | Noticed Robin
  2331 | D:2      | Killed Robin
  2331 | D:2      | Reached skill level 1 in Hexes
  2331 | D:2      | Reached XP level 4. HP: 10/24 MP: 4/13
  2755 | D:2      | Reached skill level 6 in Spellcasting
  3450 | D:3      | Reached XP level 5. HP: 28/28 MP: 2/15
  3580 | D:3      | Found a glowing drain.
  3906 | D:4      | Found a glowing silver altar of Zin.
  4007 | D:4      | Found a bloodstained altar of Trog.
  4007 | D:4      | Found an opulent altar of Gozag.
  4084 | D:4      | Found a shattered altar of Ashenzari.
  4185 | D:4      | Became a worshipper of Gozag Ym Sagoz the Greedy
  4763 | D:4      | Slain by an orc priest

Vault maps used:
D:1:      scummos_arrival_checkerplants
D:2:      minmay_misc_feat_diagonals, uniq_robin
D:3:      portal_sewer_entry_b
D:4:      nicolae_ashenzari_panopticon, grunt_temple_overflow_open, first_bread,
          nemelex_xobeh_ov_fountains_minmay

Action                   |  1- 3 |  4- 6 || total
-------------------------+-------+-------++-------
Melee: Unarmed           |    54 |       ||    54
 Cast: Magic Dart        |   102 |    65 ||   167
       Call Imp          |     9 |    15 ||    24
       Conjure Flame     |     4 |     1 ||     5
       Mephitic Cloud    |     2 |     2 ||     4
       Blink             |     1 |     3 ||     4
  Use: Scroll            |     7 |     4 ||    11
       Potion            |       |     2 ||     2
  Eat: Bread ration      |     1 |     1 ||     2
       Meat ration       |       |     1 ||     1
